 Dungeon Crawl Stone Soup version 0.24-a0-513-g284f782 (webtiles) character file.

Game seed: 14087839534222804117

3747 DinnerBoy7 the Cleaver (level 10, -2/136 HPs)
             Began as a Hill Orc Fighter on July 21, 2019.
             Killed by divine providence
             ... invoked by an orc priest
              (13 damage)
             ... on level 7 of the Dungeon.
             The game lasted 00:21:59 (6724 turns).

DinnerBoy7 the Cleaver (Hill Orc Fighter)           Turns: 6724, Time: 00:22:00

Health: -2/136     AC: 25    Str: 23    XL:     10   Next: 15%
Magic:  10/10      EV:  2    Int:  8    God:
Gold:   311        SH: 12    Dex: 15    Spells: 9/9 levels left

rFire    . . .     SeeInvis .   w - +3 hand axe (freeze)
rCold    . . .     Gourm    .   c - +0 shield
rNeg     + + +     Faith    .   (armour currently unavailable)
rPois    +         Spirit   .   (helmet currently unavailable)
rElec    .         Reflect  .   (cloak currently unavailable)
rCorr    .         Harm     .   (gloves currently unavailable)
MR       .....     NoTele   +   (boots currently unavailable)
Stlth    ++........             (no amulet)
HPRegen  0.32/turn              (no ring)
MPRegen  0.12/turn              (no ring)

@: agile, lethally poisoned (-2 -> -3), tree-form, marked, very slightly
contaminated, hasted, very quick
A: no striking features
a: Convert to Beogh


You were on level 7 of the Dungeon.
You were hungry.
You were a tree.
You visited 2 branches of the dungeon, and saw 8 of its levels.

You collected 311 gold pieces.

Inventory:

Hand Weapons
 a - a +0 war axe
 w - a +3 hand axe of freezing (weapon)
Missiles
 e - 2 javelins (quivered)
Armour
 b - a +0 scale mail
 c - a +0 shield (worn)
 k - a +1 plate armour
 n - a +0 pair of gloves (melded)
 p - a +0 pair of boots (melded)
 s - a +0 cloak (melded)
 y - +0 ice dragon scales (melded)
Magical Staves
 m - an uncursed staff of cold {unknown}
Wands
 g - a wand of enslavement (5)
Scrolls
 d - a scroll of immolation
 o - a scroll of amnesia {unknown}
 x - a scroll of identify
Potions
 q - a potion of flight
 t - a potion of cancellation {unknown}
 z - a potion of agility
Comestibles
 f - 12 rations
 j - a chunk of flesh


   Skills:
 + Level 9.3 Fighting
 + Level 9.7 Axes
 + Level 8.5 Armour
 + Level 8.5 Shields


You had 9 spell levels left.
You didn't know any spells.
Your spell library contained the following spells:

 Spells                   Type           Power        Failure   Level  Hunger
 Iskenderun's Mystic Bla  Conj           #.......     100%        4    #####..
 Throw Icicle             Conj/Ice       #.......     100%        4    #####..
 Aura of Abjuration       Summ           #.........   100%        5    ######.
 Spellforged Servitor     Conj/Summ      #.........   100%        7    #######


Dungeon Overview and Level Annotations

Branches:
Dungeon (7/15)             Temple (1/1) D:5

Altars:
Ashenzari
Cheibriados
Dithmenos
Elyvilon
Fedhas
Gozag
Hepliaklqana
Kikubaaqudgha
Makhleb
Nemelex Xobeh
Okawaru
Qazlal
Ru
Sif Muna
Trog
Uskayaw
Vehumet
Wu Jian
Xom
Yredelemnul
Zin
The Shining One

Shops:
D:7 [

Annotations:
D:6 1 runed translucent door, Prince Ribbit


Message History

The centaur hits you.
* * * LOW HITPOINT WARNING * * *
You closely miss the centaur.
The centaur is severely wounded.
You miss the killer bee. You hit the killer bee. You freeze the killer bee.
You closely miss the killer bee.
The killer bee stings you but does no damage.
You block the killer bee's attack.
The killer bee stings you but does no damage.
You closely miss the centaur.
The centaur is severely wounded.
You barely miss the killer bee. You slash the killer bee!
You freeze the killer bee.
You kill the killer bee!
You barely miss the killer bee.
You feel sick. The centaur barely misses you.
The killer bee stings you but does no damage.
You block the killer bee's attack.
The orc priest invokes the aid of Beogh against you.
Beogh smites you!
You die...

#.# ##.## # #.#
####.. ##.# ..#
#.. .... #...
..... #..o ##
.c...
###.o.##.###......
.....o. #..#5.....
......y###(.....#
.....oy♣#((#.#..#
##....y#c### #
#.....### .......
##..... .......
###..## .s#..


You could see a centaur, a scorpion, 3 killer bees, an orc priest, an orc wizard
and 2 orcs.

Vanquished Creatures
  Harold (D:7)
  The ghost of Naiya55 the Bludgeoner, a novice MiBe of Trog (D:6)
  Pikel (D:6)
  3 slaves (D:6)
  A sky beast (D:5)
  A necrophage (D:7)
  2 ice beasts (D:6)
  4 ogres
  A phantom (D:5)
  A centaur (D:5)
  2 bullfrogs (D:6)
  A scorpion (D:4)
  A water moccasin skeleton (D:4)
  2 killer bees (D:7)
  3 wights (D:5)
  3 howler monkeys
  2 crimson imps (D:5)
  A bullfrog zombie (D:6)
  3 hounds
  2 orc wizards
  A centaur skeleton (D:4)
  An iguana (D:4)
  2 worker ants
  A worker ant zombie (D:7)
  7 gnolls
  13 adders
  3 shadow imps
  An ooze (D:1)
  An adder skeleton (D:5)
  An adder zombie (D:5)
  3 worms
  2 dart slugs
  3 leopard geckos
  11 orcs
  6 bats
  4 giant cockroaches
  A goblin (D:2)
  4 hobgoblins
  12 jackals
  3 quokkas
  A ball python (D:2)
  7 frilled lizards
  2 jackal skeletons
  4 kobolds
  A leopard gecko skeleton (D:5)
  2 quokka skeletons
  5 rats
138 creatures vanquished.

Notes
Turn   | Place    | Note
-------+----------+-------------------------------------------
     0 | D:1      | DinnerBoy7 the Hill Orc Fighter began the quest for the
                  | Orb.
     0 | D:1      | Reached XP level 1. HP: 19/19 MP: 1/1
    99 | D:1      | Reached XP level 2. HP: 25/27 MP: 2/2
   986 | D:2      | Reached XP level 3. HP: 29/33 MP: 3/3
  1008 | D:2      | Reached XP level 4. HP: 40/40 MP: 4/4
  2051 | D:3      | Reached XP level 5. HP: 38/47 MP: 5/5
  2694 | D:3      | Found a faded altar of an unknown god.
  3384 | D:4      | Reached skill level 5 in Fighting
  3384 | D:4      | Reached XP level 6. HP: 55/56 MP: 6/6
  3472 | D:4      | Reached skill level 5 in Axes
  3634 | D:4      | Reached skill level 5 in Armour
  3634 | D:4      | Reached skill level 5 in Shields
  3729 | D:4      | Identified the Papyrus of Destructive Calling
  3762 | D:4      | Reached XP level 7. HP: 30/62 MP: 7/7
  4672 | D:5      | Entered Level 5 of the Dungeon
  4712 | D:5      | Found an ancient bone altar of Kikubaaqudgha.
  4768 | D:5      | Reached XP level 8. HP: 58/71 MP: 8/8
  4984 | D:5      | Found a sacrificial altar of Ru.
  5032 | D:5      | Found a staircase to the Ecumenical Temple.
  5392 | Temple   | Entered the Ecumenical Temple
  6066 | D:6      | Found a runed translucent door.
  6069 | D:6      | Noticed Naiya55's ghost (novice MiBe)
  6070 | D:6      | Reached XP level 9. HP: 79/79 MP: 9/9
  6096 | D:6      | Killed Naiya55's ghost
  6252 | D:6      | Found a runed translucent door.
  6357 | D:6      | Noticed Prince Ribbit
  6358 | D:6      | Noticed Pikel
  6376 | D:6      | Killed Pikel
  6586 | D:7      | Found Sudisch's Armour Shop.
  6653 | D:7      | Noticed Harold
  6689 | D:7      | Killed Harold
  6689 | D:7      | Reached XP level 10. HP: 38/91 MP: 10/10
  6724 | D:7      | Killed from afar by an orc priest

Levels and vault maps discovered:
D:1:      dpeg_arrival_boxes_within_box, layout_loops_ring
D:2:      layout_basic, first_ration
D:3:      layout_basic, chequers_ecumenical_altar_island
D:4:      layout_basic, chequers_garden, hex_medium
D:5:      layout_basic, kennysheep_little_box, minmay_temple_entry_mini_moons,
          minmay_door_square, hangedman_ru_absence
D:6:      layout_rooms, ebering_ghost_sewer_f, uniq_prince_ribbit1, uniq_pikel
D:7:      layout_loops_cross, gammafunk_ghost_split, basic_altar, serial_shops,
          nicolae_shop_competitors_out_of_business, uniq_harold
Temple:   dpeg_three_leaves_temple

Skill      XL: |  1  2  3  4  5  6  7  8  9 |
---------------+----------------------------+-----
Axes           | 3 4 5 6 7 9 |  9.7
Fighting       | 4 5 6 7 9 |  9.3
Armour         | 4 5 6 8 |  8.5
Shields        | 4 5 6 8 |  8.5

Action                   |  1- 3 |  4- 6 |  7- 9 | 10-12 || total
-------------------------+-------+-------+-------+-------++-------
Melee: War axe           |    85 |   139 |       |       ||   224
       Hand axe          |       |    38 |   326 |    19 ||   383
  Use: Scroll            |     2 |       |     7 |     3 ||    12
       Potion            |     1 |     1 |     5 |     5 ||    12
  Eat: Chunk             |       |     9 |     3 |       ||    12
       Ration            |       |       |     2 |       ||     2
Armor: Scale mail        |    35 |       |       |       ||    35
       Plate armour      |    21 |   130 |   115 |       ||   266
       Ice dragon scales |       |       |    31 |    23 ||    54
       Skin              |       |       |       |     6 ||     6
Dodge: Dodged            |    15 |    32 |    54 |    19 ||   120
Block: Shield            |    42 |    89 |   158 |    31 ||   320

Table legend:
 A = Non-vault XP
 B = Vault XP
 C = Vault XP percentage of total XP
 D = Non-vault monster count
 E = Vault monster count
 F = Vault count percentage of total count
                 A         B        C        D         E       F
            +---------+---------+-------+---------+---------+-------
      Total |    2863 |    2490 |  46.5 |     128 |       7 |   5.2
            +---------+---------+-------+---------+---------+-------
        D:1 |      29 |       0 |   0.0 |      16 |       0 |   0.0
        D:2 |      93 |       0 |   0.0 |      16 |       0 |   0.0
        D:3 |     110 |       0 |   0.0 |      17 |       0 |   0.0
        D:4 |     797 |       0 |   0.0 |      24 |       0 |   0.0
        D:5 |     826 |       0 |   0.0 |      32 |       0 |   0.0
        D:6 |     538 |    1493 |  73.5 |      11 |       6 |  35.3
        D:7 |     470 |     997 |  68.0 |      12 |       1 |   7.7
            +---------+---------+-------+---------+---------+-------
